Map: Triton LE

Players

BabyMarine

  • Race: Terran Terran
  • League: Master
  • Spawn Location: 11:00

zuka - Winner!

  • Race: Protoss Protoss
  • League: Master
  • Spawn Location: 5:00

VOD

Have the link to the VOD?

Description

Time

  • Played on: Sept. 29, 2019, 2:39 p.m.
  • Length: 13:25
Show
View Real Time Build Order
Export as new Build Order

BabyMarine Terran 

Build Orders: Liberator Opening, Reaper Expand 

Get SALT Encoding   

  12  0:02  SCV  
  13  0:14  SCV  
  13  0:19  Supply Depot  
  14  0:27  SCV  
  15  0:43  Barracks  
  15  0:44  SCV  
  15  0:46  Refinery  
  16  0:56  SCV  
  17  1:08  SCV  
  18  1:23  SCV  
  19  1:31  Reaper  
  20  1:35  Orbital Command  
  20  1:44  Command Center  
  20  2:02  SCV  
  20  2:04  Bunker  
  20  2:08  Barracks Reactor  
  21  2:14  Supply Depot, SCV  
  22  2:22  Refinery  
  22  2:24  Factory  
  22  2:27  SCV  
  23  2:39  SCV  
  24  2:44  Marine  
  24  2:45  Marine  
  26  2:51  SCV  
  26  2:57  Orbital Command  
  27  3:03  Marine x2  
  27  3:04  SCV  
  30  3:09  Starport, Factory Tech Lab  
  30  3:16  SCV  
  31  3:22  Marine x2  
  31  3:23  SCV  
  34  3:28  Siege Tank, SCV  
  34  3:31  Supply Depot  
  34  3:34  Liberator  
  38  3:40  SCV x2, Marine x2  
  42  3:52  SCV  
  42  3:53  SCV  
  42  3:55  Supply Depot  
  47  4:04  SCV  
  47  4:05  SCV  
  47  4:07  Marine x2  
  51  4:13  Siege Tank  
  54  4:19  SCV  
  54  4:21  Supply Depot  
  54  4:22  SCV  
  56  4:24  Barracks  
  56  4:26  Liberator, Barracks  
  56  4:27  Supply Depot  
  56  4:31  SCV  
  56  4:36  Refinery, SCV  
  58  4:39  Marine x2  
  58  4:43  SCV  
  64  4:50  SCV  
  65  5:06  SCV x2  
  51  5:18  SCV x2  
  51  5:19  Siege Tank  
  51  5:20  Barracks Tech Lab, Marine  
  51  5:21  Marine  
  54  5:24  Barracks Tech Lab  
  54  5:30  SCV x2  
  54  5:31  Starport Reactor  
  56  5:35  Barracks, Engineering Bay  
  56  5:36  Barracks  
  56  5:40  Marauder  
  56  5:41  Stimpack, Marine x2  
  56  5:42  SCV x2  
  62  5:43  Marauder  
  64  5:53  Supply Depot  
  64  5:54  SCV x2  
  66  5:58  Siege Tank  
  66  6:00  Marine  
  70  6:06  SCV x2  
  70  6:09  Marauder x2  
  76  6:13  Refinery  
  76  6:16  Combat Shield  
  76  6:18  SCV x2  
  76  6:20  Marine x2  
  76  6:22  Supply Depot  
  80  6:30  SCV x2  
  82  6:34  Barracks Tech Lab, Barracks Reactor  
  82  6:37  Marauder, Marine  
  84  6:41  Medivac  
  84  6:46  Marine x2  
  88  6:53  Marauder  
  90  6:54  Medivac  
  90  6:55  Marauder  
  90  6:59  Marauder  
  96  7:04  Marine  
  96  7:07  Concussive Shells  
  97  7:09  Supply Depot  
  97  7:10  Marine x3  
  97  7:11  Supply Depot  
  97  7:14  Marauder  
  102  7:22  Siege Tank  
  105  7:24  Marauder, Marine x2  
  105  7:29  Marine  
  109  7:31  Marine  
  109  7:32  Supply Depot  
  109  7:33  Terran Infantry Weapons Level 1  
  109  7:35  Marine  
  109  7:36  Marauder  
  106  8:01  Siege Tank  
  103  8:18  Command Center  
  88  8:20  Marine x3  
  88  8:21  Marauder x3, Marine  
  88  8:22  Viking x2  
  101  8:37  Siege Tank  
  101  8:40  Marine  
  101  8:41  Marine x2  
  109  8:42  Marauder x2  
  109  8:47  Marauder, Marine  
  114  8:58  Marine x2  
  110  9:04  Marauder  
  110  9:11  Marauder x2, Marine x2  
  110  9:16  Marine  
  112  9:17  Siege Tank  
  112  9:24  SCV x2  
  117  9:25  Marauder  
  117  9:26  Medivac x2  
  117  9:27  Marine  
  117  9:29  Marine x2  
  126  9:31  Ghost Academy  
  126  9:33  Marauder  
  126  9:35  Orbital Command  
  128  9:46  Terran Infantry Armor Level 1  
  128  9:48  SCV  
  129  10:02  Armory, Engineering Bay  
  117  10:07  Factory Reactor  
  117  10:10  Medivac x2, Marine x2  
  117  10:11  Marine  
  128  10:20  Refinery  
  128  10:21  Refinery  
  128  10:22  SCV x2  
  128  10:23  Command Center  
  132  10:32  Marine x4  
  136  10:41  Unknown x2  
  136  10:46  Enhanced Shockwaves  
  138  10:50  Supply Depot  
  138  10:51  Widow Mine x2  
  138  10:52  Supply Depot  
  138  10:56  Unknown  
  142  11:00  Marine x3  
  147  11:12  Unknown  
  147  11:20  Viking x2, Barracks  
  147  11:21  Barracks x2  
  151  11:28  Unknown  
  151  11:37  Widow Mine x2, Marine x2  
  151  11:38  Marauder x2  
  162  11:52  Starport  
  162  11:53  SCV x3  
  165  11:55  Starport  
  165  12:05  Unknown  
  165  12:14  Barracks Tech Lab  
  165  12:18  Viking x2  
  171  12:23  Marine x4  
  171  12:25  Barracks Reactor  
  177  12:48  Marauder, Marine x3  
  177  12:49  Marauder x2, SCV x2  
  177  12:51  Unknown x2  
  188  12:54  Starport Reactor  
  188  13:00  Starport Tech Lab  
Show
View Real Time Build Order
Export as new Build Order

zuka Protoss - Winner!

Build Orders: 1 Gate Expand, Colossus Rush 

Get SALT Encoding   

  12  0:01  Probe  
  13  0:13  Probe  
  14  0:19  Pylon  
  14  0:25  Probe (Chrono Boost)  
  15  0:39  Probe (Chrono Boost)  
  15  0:40  Gateway  
  16  0:44  Probe (Chrono Boost)  
  17  0:50  Assimilator  
  17  0:54  Probe (Chrono Boost)  
  18  1:06  Probe (Chrono Boost)  
  19  1:14  Probe (Chrono Boost)  
  20  1:26  Nexus  
  20  1:37  Cybernetics Core  
  21  1:40  Probe  
  21  1:46  Assimilator  
  21  1:52  Probe  
  22  1:54  Pylon  
  22  2:04  Probe  
  23  2:11  Stalker (Chrono Boost)  
  25  2:15  Warp Gate  
  25  2:16  Probe  
  26  2:27  Robotics Facility  
  26  2:28  Probe (Chrono Boost)  
  27  2:39  Probe (Chrono Boost)  
  27  2:44  Stalker  
  31  2:46  Probe (Chrono Boost)  
  31  2:49  Probe (Chrono Boost)  
  32  2:53  Probe (Chrono Boost)  
  32  2:54  Probe (Chrono Boost)  
  34  3:04  Probe  
  35  3:06  Probe  
  36  3:14  Gateway  
  36  3:15  Observer  
  36  3:16  Probe  
  38  3:20  Probe  
  38  3:21  Robotics Bay  
  39  3:28  Probe  
  39  3:32  Probe  
  41  3:34  Gateway  
  41  3:37  Warp Prism (Chrono Boost)  
  43  3:43  Probe  
  43  3:46  Pylon  
  44  3:48  Probe  
  44  3:55  Probe  
  46  3:58  Pylon  
  46  4:01  Assimilator  
  46  4:04  Probe  
  46  4:07  Probe  
  46  4:08  Colossus (Chrono Boost)  
  48  4:14  Gravitic Drive  
  48  4:17  Probe  
  55  4:22  Probe  
  56  4:29  Probe  
  56  4:30  Stalker x2  
  61  4:34  Pylon  
  61  4:45  Gateway  
  61  4:48  Pylon  
  61  4:52  Stalker  
  61  4:53  Stalker x2  
  59  5:15  Colossus (Chrono Boost), Probe x2  
  59  5:20  Gateway  
  67  5:22  Gateway  
  67  5:23  Pylon  
  67  5:27  Shield Battery, Probe x2  
  69  5:29  Assimilator  
  69  5:34  Extended Thermal Lance  
  69  5:37  Pylon  
  69  5:49  Nexus  
  69  5:50  Pylon  
  69  5:57  Forge  
  69  6:00  Probe x2  
  71  6:08  Colossus (Chrono Boost)  
  71  6:10  Twilight Council  
  77  6:13  Probe x2  
  79  6:25  Probe  
  79  6:26  Probe  
  81  6:37  Probe  
  81  6:38  Probe  
  83  6:42  Charge (Chrono Boost)  
  83  6:46  Protoss Ground Armor Level 1 (Chrono Boost)  
  83  6:47  Colossus (Chrono Boost)  
  83  6:50  Probe x2  
  83  6:52  Gateway  
  91  6:56  Zealot  
  91  6:57  Zealot  
  91  7:00  Gateway  
  95  7:02  Probe x3  
  98  7:12  Templar Archives  
  99  7:17  Gateway, Zealot x2  
  99  7:18  Zealot  
  99  7:22  Zealot  
  107  7:26  Shield Battery  
  107  7:28  Shield Battery  
  106  7:34  Immortal  
  106  7:36  Shield Battery  
  110  7:37  Stalker  
  110  7:40  Stalker  
  108  8:00  Zealot  
  108  8:01  Zealot x5  
  112  8:13  Immortal  
  112  8:17  Zealot x3  
  108  8:21  Probe x2  
  108  8:24  Observer  
  110  8:27  Forge  
  110  8:29  Gateway  
  110  8:31  Psionic Storm  
  111  8:34  Probe  
  111  8:36  High Templar x2, Assimilator  
  111  8:39  Assimilator  
  115  8:42  Pylon  
  115  8:43  Pylon  
  115  8:52  Pylon  
  115  9:00  Zealot x4  
  115  9:01  Zealot x3  
  110  9:06  Pylon  
  110  9:07  Pylon  
  98  9:12  Stalker x2  
  98  9:18  Probe x3  
  98  9:23  Colossus (Chrono Boost)  
  110  9:38  High Templar x2  
  109  9:39  High Templar  
  109  9:40  High Templar  
  109  9:41  Zealot x2  
  109  9:42  Archon  
  109  9:44  Archon  
  119  9:54  Zealot x4  
  117  10:07  Protoss Ground Armor Level 2 (Chrono Boost)  
  117  10:08  Colossus (Chrono Boost)  
  117  10:10  Probe x2  
  126  10:18  Probe  
  126  10:22  Probe  
  126  10:23  Protoss Ground Weapons Level 1 (Chrono Boost)  
  127  10:39  Nexus  
  127  10:41  Pylon, High Templar  
  127  10:42  High Templar  
  131  10:52  Pylon  
  131  10:53  Probe x2  
  131  10:54  Probe  
  131  10:55  Immortal  
  138  11:05  Probe, High Templar  
  138  11:06  High Templar  
  138  11:07  Zealot  
  138  11:08  Zealot x3  
  151  11:14  Archon  
  151  11:15  Probe  
  151  11:17  Probe  
  151  11:18  Pylon  
  153  11:33  High Templar  
  153  11:34  Immortal, High Templar  
  153  11:35  Zealot x2  
  153  11:38  Archon  
  164  11:54  Zealot x4  
  164  11:55  Zealot x3  
  164  11:57  Zealot  
  180  12:13  Observer  
  179  12:21  Zealot x5  
  187  12:27  Pylon  
  187  12:29  Pylon  
  187  12:31  Pylon  
  187  12:58  Zealot x6  
  199  13:12  Zealot  
  159  13:13  Zealot x2  
  159  13:14  Zealot  
Tags
 
Add a new tag
Caveats
  • Supply blocks, unpowered buildings, or Contaminate may cause inaccurate times.
  • Supply counts are checked every 10 seconds.